 Dungeon Crawl Stone Soup version 0.29.1-13-g9f3cf754e1 (webtiles) character file.

Game seed: 18080537701140050102

5 croobank the Sneak (level 1, -1/16 HPs)
             Began as an Octopode Delver on Feb 1, 2023.
             Slain by Ijyb
             ... wielding a +0 dagger
              (3 damage)
             ... while paralysed by Ijyb
             ... on level 5 of the Dungeon.
             The game lasted 00:00:40 (155 turns).

croobank the Sneak (Octopode Delver)                 Turns: 155, Time: 00:00:40

Health: -1/16      AC:  1    Str: 11    XL:     1   Next: 80%
Magic:  1/1        EV:  2    Int: 12    God:
Gold:   0          SH:  0    Dex: 13    Spells: 0/0 levels left

rFire   . . .      SeeInvis .   a - +0 hand axe
rCold   . . .      Faith    .   (no shield)
rNeg    . . .      Spirit   .   (helmet restricted)
rPois   .          Reflect  .   (no amulet)
rElec   .          Harm     .   (no ring)
rCorr   .          Rampage  .   (no ring)
Will    .....                   (no ring)
Stlth   ++++......              (no ring)
HPRegen 0.05/turn               (no ring)
MPRegen 0.07/turn               (no ring)
                                (no ring)
                                (no ring)

@: paralysed
A: almost no armour, amphibious, 8 rings, camouflage 1, gelatinous body 1,
(nimble swimmer 1), tentacles
a: no special abilities


You were on level 5 of the Dungeon.
You visited 1 branch of the dungeon, and saw 2 of its levels.

Inventory:

Hand Weapons
 a - a +0 hand axe (weapon)
Wands
 f - a wand of digging (3)
 h - a wand of flame (26)
Scrolls
 b - a scroll of fog
 c - a scroll of magic mapping
 d - a scroll of fear
 g - a scroll of blinking {unknown}
Potions
 e - a potion of haste


   Skills:
 + Level 3.1 Fighting
 + Level 2.1 Axes
 + Level 2.1 Dodging
 + Level 6.7 Stealth


You couldn't memorise any spells.
You didn't know any spells.
Your spell library was empty.

Dungeon Overview and Level Annotations

Branches:
Dungeon (6/15)
 Temple: D:4-7

Altars:

Annotations:
D:5 Ijyb


Innate Abilities, Weirdness & Mutations

You cannot wear most types of armour.
You are amphibious.
You can wear up to eight rings at the same time.
Your skin changes colour to match your surroundings (Stealth+).
Your rubbery body absorbs attacks. (AC +1, EV +1)
((You are camouflaged when in or above water. (Stealth+)))
You have tentacles for arms and can constrict up to eight enemies at once.


Message History

Found a scroll labelled HUFEIDYLIA.
The helpless ufetubus fails to defend itself.
You slash the ufetubus!
You kill the ufetubus!
No target in view!
No target in view!
g - a scroll labelled HUFEIDYLIA
h - a wand of flame (30)
An orc priest comes into view. It is wielding a +0 club.
Ijyb the Twisted Goblin comes into view.
She is wielding a +0 dagger and carrying a wand of paralysis (11).
The helpless Ijyb fails to defend herself.
You hit Ijyb. Your grab misses Ijyb. You squeeze Ijyb, but do no damage.
Ijyb is lightly wounded.
Ijyb barely misses you.
Aiming: Throw Flame
Press: ? - help, Shift-Dir - straight line, f - Ijyb
Aim: Ijyb, wielding a +0 dagger, wearing a +0 leather armour and carrying a wand of paralysis (11) (lightly wounded, 60% to hit)
The puff of flame hits Ijyb.
Ijyb is lightly wounded.
Ijyb hits you but does no damage.
Aiming: Throw Flame
Press: ? - help, Shift-Dir - straight line, f/p - Ijyb
Aim: Ijyb, wielding a +0 dagger, wearing a +0 leather armour and carrying a wand of paralysis (11) (lightly wounded, 60% to hit)
The puff of flame misses Ijyb.
Ijyb hits you with a +0 dagger.
Aiming: Throw Flame
Press: ? - help, Shift-Dir - straight line, f/p - Ijyb
Aim: Ijyb, wielding a +0 dagger, wearing a +0 leather armour and carrying a wand of paralysis (11) (lightly wounded, 60% to hit)
The puff of flame misses Ijyb.
Ijyb hits you with a +0 dagger.
Aiming: Throw Flame
Press: ? - help, Shift-Dir - straight line, f/p - Ijyb
Aim: Ijyb, wielding a +0 dagger, wearing a +0 leather armour and carrying a wand of paralysis (11) (lightly wounded, 60% to hit)
The puff of flame hits Ijyb.
Ijyb is moderately wounded.
Ijyb zaps a wand.
You suddenly lose the ability to move!
Ijyb hits you with a +0 dagger.
* * * LOW HITPOINT WARNING * * *
Ijyb hits you with a +0 dagger.
* * * LOW HITPOINT WARNING * * *
Ijyb hits you with a +0 dagger.
You die...

######....# #. #........
#.........#### #..###.#######
#.........##.. #..#...######
####.......####.#
#..#.#......# ............#
#.# #.......###.#
####........# #.# #....#..#
#.# #........# #.#
#.#.>...###.#
#........###.####.#..#......#
########.#...@g...#..#...####
#.#.#.######..###.# #.#.#.#
#......# #.#.#.. #.######
#.#.######.#.#
##.#........#.#
#......######.#
#.............#
#...)..########


You could see Ijyb.

Vanquished Creatures
  An ufetubus (D:5)
1 creature vanquished.

Notes
Turn   | Place    | Note
-------+----------+-------------------------------------------
     0 | D:5      | croobank the Octopode Delver began the quest for the Orb.
     0 | D:5      | Reached XP level 1. HP: 16/16 MP: 1/1
    35 | D:6      | Noticed a scorpion
   102 | D:5      | Noticed an orc priest
   144 | D:5      | Noticed Ijyb
   152 | D:5      | Paralysed by Ijyb for 4 turns
   155 | D:5      | Slain by Ijyb

Illustrated notes

Levels and vault maps discovered:
D:5:      layout_basic, kennysheep_little_box, jmf_multi_god_temple2,
          serial_shops, kennysheep_mini, minivault_11, uniq_ijyb
D:6:      layout_basic, uniq_edmund, uniq_sigmund, uniq_blork_the_orc

Action                   || total
-------------------------++-------
Melee: Hand axe          ||     2
       Tentacles         ||     1
Evoke: Wand              ||     4
 Stab: Sleeping          ||     2
Armor: Skin              ||     1
Dodge: Dodged            ||     1
